 Dungeon Crawl Stone Soup version 0.31-a0-986-g5e6e4ef867 (webtiles) character file.

Game seed: 583921437579430936

18 mattiecakes the Trooper (level 2, 0/19 HPs)
             Began as a Gargoyle Fighter on Nov 15, 2023.
             Slain by a gnoll
             ... wielding a +0 spear
              (7 damage)
             ... on level 2 of the Dungeon.
             The game lasted 00:00:45 (1088 turns).

mattiecakes the Trooper (Gargoyle Fighter)          Turns: 1088, Time: 00:00:46

Health: 0/19       AC:  9    Str: 19    XL:     2   Next: 70%
Magic:  2/2        EV:  9    Int:  8    God:
Gold:   101        SH:  4    Dex:  9    Spells: 1/1 levels left

rFire   . . .        a - +0 war axe
rCold   . . .        c - +0 buckler
rNeg    + . .        b - +0 scale mail
rPois   ∞            (no helmet)
rElec   +            (no cloak)
rCorr   .            (no gloves)
SInv    .            (no boots)
Will    .....        (no amulet) Stlth
                     (no ring)
HPRegen 0.23/turn    (no ring)
MPRegen 0.08/turn

%: no passive effects
@: brilliant
A: sickness immunity, AC +2, negative energy resistance 1, electricity
resistance, torment resistance 1, petrification resistance
a: no special abilities


You were on level 2 of the Dungeon.
You visited 1 branch of the dungeon, and saw 2 of its levels.

You collected 101 gold pieces.

Inventory:

Hand Weapons
 a - a +0 war axe (weapon)
Armour
 b - a +0 scale mail (worn)
 c - a +0 buckler (worn)
Scrolls
 h - a scroll of blinking {unknown}
 i - a scroll of amnesia {unknown}
 k - 2 scrolls of identify {unknown}
 l - a scroll of enchant weapon {unknown}
Potions
 d - a potion of might
 f - a potion of lignification {unknown}
 g - 2 potions of invisibility {unknown}
 j - a potion of enlightenment {unknown}
 m - a potion of curing {unknown}


   Skills:
 + Level 3.5 Fighting
 + Level 2.1 Axes
 + Level 3.5 Armour
 + Level 3.5 Shields


You had one spell level left.
You didn't know any spells.
Your spell library was empty.

Dungeon Overview and Level Annotations

Branches:
Dungeon (2/15)

Altars:


Innate Abilities, Weirdness & Mutations

You are immune to sickness and miasma.
Your stone body is resilient. (AC +2)
You are immune to poison.
You resist negative energy. (rN+)
You are resistant to electric shocks. (rElec)
You are resistant to unholy torment.
You are immune to petrification.


Message History

The gnoll shouts!
A gnoll is nearby!
A gnoll is nearby!
A gnoll is nearby! 2 gnolls come into view.
Found a scroll labelled GONIEXT OR TAR.
The gnoll shouts! x2
You hit the gnoll but do no damage. The gnoll hits you with a +0 club.
The gnoll hits you from afar with a +0 spear.
You barely miss the gnoll. You block the gnoll's attack.
The gnoll barely misses you.
You barely miss the gnoll.
The gnoll hits you from afar with a +0 spear.
The gnoll barely misses you. The gnoll hits you but does no damage.
You are too injured to fight recklessly!
You are too injured to fight recklessly!
You are too injured to fight recklessly!
You are too injured to fight recklessly!
You are too injured to fight recklessly!
You are too injured to fight recklessly!
You are too injured to fight recklessly!
You are too injured to fight recklessly!
You are too injured to fight recklessly!
You are too injured to fight recklessly!
You are too injured to fight recklessly!
You are too injured to fight recklessly!
You are too injured to fight recklessly!
You are too injured to fight recklessly!
You are too injured to fight recklessly!
You are too injured to fight recklessly!
You are too injured to fight recklessly!
You are too injured to fight recklessly!
You are too injured to fight recklessly!
You are too injured to fight recklessly!
You are too injured to fight recklessly!
Unknown command.
It was a potion of brilliance.
You feel clever all of a sudden.
The gnoll hits you from afar with a +0 spear!
You die...

### #.# ###
#.# #?..
####.# #....
#....#
#....g##.##.#
#.gg@.##.#
#.######.#
#.#
#.######.#
#........#
#######..#
#..#
########..#
......
.........>#


You could see 3 gnolls.

Vanquished Creatures
  A giant cockroach (D:1)
  2 goblins (D:2)
  6 hobgoblins
  A ball python (D:1)
  2 bats
  3 kobolds
  2 rats (D:1)
17 creatures vanquished.

Notes
Turn   | Place    | Note
-------+----------+-------------------------------------------
     0 | D:1      | mattiecakes the Gargoyle Fighter began the quest for the
                  | Orb.
     0 | D:1      | Reached XP level 1. HP: 14/14 MP: 1/1
   367 | D:1      | Reached XP level 2. HP: 18/19 MP: 2/2
  1088 | D:2      | Slain by a gnoll

Illustrated notes

Levels and vault maps discovered:
D:1:      minmay_arrival_checkered_box, layout_loops_ring, minmay_pentomino_p2
D:2:      layout_basic

Skill      XL: |  1  2 |
---------------+-------+-----
Axes           | 2 |  2.1
Fighting       | |  3.5
Armour         | |  3.5
Shields        | |  3.5

Action                     || total
---------------------------++-------
  Melee: War axe           ||    40
    Use: Potion            ||     1
 Armour: Scale mail        ||    25
  Dodge: Dodged            ||    25
  Block: Buckler           ||    11

Table legend: (Time is in decaauts)
 A = Elapsed time spent in this place.
 B = Non-inter-level travel time spent in this place.
 C = Inter-level travel time spent in this place.
 D = Time resting spent in this place.
 E = Time spent auto-exploring this place.
 F = Levels seen in this place.
 G = Mean time per level.
                   A        B        C        D        E       F      G
               +--------+--------+--------+--------+--------+-----+--------+
         Total |   1104 |   1067 |     37 |      0 |    936 |   2 |  552.0 |
       Dungeon |   1104 |   1067 |     37 |      0 |    936 |   2 |  552.0 |
               +--------+--------+--------+--------+--------+-----+--------+

Top non-repeatable levels by time:
     D:1: 698 daAuts
     D:2: 406 daAuts
